 Dungeon Crawl Stone Soup version 0.31-a0-996-g3b49de5 (webtiles) character file.

Game seed: 15135940780204916026

46852 Dorkslayer the Grappler (level 14, -26/133 HPs)
             Began as a Troll Shapeshifter on Nov 6, 2023.
             Was an Initiate of Gozag.
             Annihilated by Agnes
             ... wielding a +1 vampiric lajatang
              (34 damage)
             ... on level 14 of the Dungeon.
             The game lasted 00:54:03 (15405 turns).

Dorkslayer the Grappler (Troll Shapeshifter)       Turns: 15405, Time: 00:54:07

Health: -26/133    AC:  6    Str: 40    XL:     14   Next: 6%
Magic:  13/13      EV: 14    Int:  5    God:    Gozag
Gold:   511        SH:  0    Dex: 17    Spells: 13/13 levels left

rFire   + .          .
                       - Unarmed
rCold   + . .        (no shield)
rNeg    . . .        B - +2 robe {rC+ rF+}
rPois   .            (helmet currently unavailable)
rElec   .            (cloak currently unavailable)
rCorr   .            (gloves unavailable)
SInv    +            (boots unavailable)
Will    +....        x - amulet of the acrobat
Stlth   ++++         f - ring of Sytinguq {Drain Fly Str+6 Dex+5 SInv}
HPRegen 1.22/turn    T - ring of Lemn {Fly Str+3}
MPRegen 0.13/turn

%: acrobat
@: beast-form, flying, studying Shields
A: beast (slay +4), large, unfitting armour, claws 3, regeneration 1, shaggy fur
1, tough skin 1, horns 2, thin skeletal structure 1, strong 1
a: Begin Untransformation, Renounce Religion, Potion Petition, Call Merchant,
Bribe Branch


You were on level 14 of the Dungeon.
You worshipped Gozag.
Gozag was pleased with you.
You were a hulking beast.
You visited 2 branches of the dungeon, and saw 16 of its levels.
You also visited: Bailey.

You collected 6126 gold pieces.
You spent 1956 gold pieces at shops.
You paid 3659 gold pieces to Gozag.

Inventory:

Hand Weapons
 l - a +0 dire flail of holy wrath
 H - a +7 broad axe
 Q - a +0 scimitar of flaming
Missiles
 g - 27 javelins
 m - 7 throwing nets
 u - 35 boomerangs (quivered)
 J - 5 curare-tipped darts
Armour
 y - a +0 cloak
 A - a +1 kite shield
 B - a +2 robe of resistance (worn)
 C - a +2 hat
 F - the +0 robe "Deost" {Str+2}
   (You took it off a centaur warrior on level 9 of the Dungeon)

   Str+2:     It affects your strength (+2).
 V - the +1 kite shield of the Baku {rPois rC- Int+6}
   (You bought it in a shop on level 2 of the Orcish Mines)

   Int+6:     It affects your intelligence (+6).
   rC-:       It makes you vulnerable to cold.
   rPois:     It protects you from poison
Jewellery
 f - the ring of Sytinguq (left claw) {Drain Fly Str+6 Dex+5 SInv}
   (You took it off a centaur on level 8 of the Dungeon)

   [ring of strength]

   Str+6:     It affects your strength (+6).
   Dex+5:     It affects your dexterity (+5).
   SInv:      It lets you see invisible.
   Fly:       It grants you flight.
   Drain:     It drains your maximum health when unequipped.
 k - a ring of willpower
 q - a ring of resist corrosion
 x - an amulet of the acrobat (around neck)
 T - the ring of Lemn (right claw) {Fly Str+3}
   (You bought it in a shop on level 2 of the Orcish Mines)

   [ring of flight]

   Str+3:     It affects your strength (+3).
   Fly:       It grants you flight.
Talismans
 c - a beast talisman
 d - a flux talisman
 r - a serpent talisman
Wands
 a - a wand of flame (10)
 h - a wand of mindburst (9)
 D - a wand of polymorph (16)
 I - a wand of iceblast (2)
 O - a wand of charming (2)
 U - a wand of digging (6)
Scrolls
 s - 2 scrolls of poison
 t - 5 scrolls of fear
 z - a scroll of amnesia
 L - 5 scrolls of teleportation
 M - 2 scrolls of fog
 R - a scroll of revelation
 S - 2 scrolls of blinking
 W - 2 scrolls of identify
Potions
 b - a potion of lignification
 e - 7 potions of curing
 i - 2 potions of enlightenment
 j - a potion of cancellation
 n - 3 potions of mutation
 o - a potion of brilliance
 p - a potion of attraction
 v - 2 potions of heal wounds
 w - a potion of haste
 E - a potion of resistance
 K - a potion of ambrosia
 N - a potion of invisibility
 P - a potion of magic
Miscellaneous
 G - a phantom mirror


   Skills:
 * Level 7.5 Fighting
 * Level 4.8 Axes
 + Level 2.6 Throwing
 + Level 8.1 Dodging
 + Level 4.2 Stealth
 + Level 14.4 Unarmed Combat
 * Level 6.4 Evocations
 * Level 9.5 Shapeshifting


You had 13 spell levels left.
You didn't know any spells.
Your spell library contained the following spells:

 Spells                   Type           Power      Damage    Failure   Level
 Magic Dart               Conj           0%         1d3       47%         1
 Cigotuvi's Dreadful Rot  Necr/Pois/Air  0%         N/A       63%         2
 Lesser Beckoning         Tloc           0%         N/A       63%         2
 Searing Ray              Conj           0%         2d4       63%         2
 Sublimation of Blood     Necr           0%         N/A       63%         2
 Gell's Gravitas          Tloc           0%         N/A       85%         3
 Ignite Poison            Fire/Tmut/Pois 0%         N/A       85%         3
 Summon Guardian Golem    Hex/Summ       0%         N/A       85%         3
 Teleport Other           Tloc           0%         N/A       85%         3
 Tukima's Dance           Hex            0%         N/A       85%         3
 Dimensional Bullseye     Hex/Tloc       0%         N/A       99%         4
 Fulminant Prism          Conj/Hex       0%         3d5       99%         4
 Iskenderun's Mystic Bla  Conj/Tloc      0%         2d3       99%         4
 Passage of Golubria      Tloc           0%         N/A       99%         4
 Petrify                  Tmut/Erth      0%         N/A       99%         4
 Freezing Cloud           Conj/Ice/Air   0%         6-21      100%        5
 Irradiate                Conj/Tmut      0%         3d11      100%        5
 Summon Forest            Summ/Tloc      0%         N/A       100%        5
 Summon Mana Viper        Hex/Summ       0%         N/A       100%        5
 Yara's Violent Unravell  Hex/Tmut       0%         3d3       100%        5
 Dispersal                Tloc           0%         N/A       100%        6
 Summon Cactus Giant      Summ           0%         N/A       100%        6
 Malign Gateway           Summ/Tloc      0%         N/A       100%        7
 Orb of Destruction       Conj           0%         9d5       100%        7
 Spellforged Servitor     Conj/Summ      0%         N/A       100%        7


Dungeon Overview and Level Annotations

Branches:
Dungeon (14/15)            Temple (0/1) D:4            Lair (0/5) D:11
    Orc (2/2) D:12            Elf (0/3) Orc:2        Bailey (visited)
 Vaults: D:13-14

Altars:
Cheibriados
Dithmenos
Elyvilon
Gozag
Kikubaaqudgha
Nemelex Xobeh
Okawaru
Qazlal
Trog
Vehumet
Wu Jian
Xom
Yredelemnul
Zin
The Shining One

Shops:
D:10 *   D:12 !   Orc:2 [[*[=*(*

Annotations:
D:14 Agnes


Innate Abilities, Weirdness & Mutations

You are a hulking beast.
Your limbs bulge with bestial killing power. (Slay +4)
You are too large for most types of armour.
You have claws for hands.
Your natural rate of healing is unusually fast.
You are covered in fur. (AC +1)
You have tough skin. (AC +1)
You have a pair of horns on your head.
You have a somewhat thin skeletal structure. (Dex +2, Stealth+)
Your muscles are strong. (Str +4, Int/Dex -1)


Message History

There is an open door here.
Done exploring.
There is an open door here.
There is a stone staircase leading down here.
Okay, then.
Unknown command.
You fly downwards.
The yaktaur shouts!
Found a club.
Found a stone staircase leading down.
There is a stone staircase leading up here.
Found 21 gold pieces.
The yaktaur misses you.
You scratch the yaktaur but do no damage.
You eviscerate the yaktaur!!! You headbutt the yaktaur.
You kill the yaktaur!
You now have 490 gold pieces (gained 14).
You see here a +0 arbalest.
You now have 511 gold pieces (gained 21).
Found a stone staircase leading down.
Agnes the Wanderer comes into view.
She is wielding a +1 vampiric lajatang.
Agnes shouts!
You miss Agnes.
Agnes hits you with a +1 vampiric lajatang!!
You barely miss Agnes. Agnes barely misses you.
You miss Agnes.
Agnes hits you with a +1 vampiric lajatang!! x2
You scratch Agnes.
Agnes is lightly wounded.
Agnes hits you with a +1 vampiric lajatang!!
Agnes draws strength from your wounds!
You completely miss Agnes.
Agnes shouts, "I will kick you around like a rattan ball!"
Agnes hits you with a +1 vampiric lajatang!!
* * * LOW HITPOINT WARNING * * *
You barely miss Agnes. You headbutt Agnes!
Agnes is lightly wounded.
Agnes closely misses you.
Agnes hits you with a +1 vampiric lajatang!!
You die...
Agnes says, "May you follow the Path of Peace in your next life."
Your body crumbles into a pile of gold.

#............
#............
#....#######
#....# #....#
#....# #....#
#....# #..h.#
##.i.+ #...#
#...> #.....
#......
#.......
#........


You could see Agnes.

Vanquished Creatures
  Jorgrun (Orc:2)
  Azrael (Orc:2)
  Snorg (Orc:1)
  Erolcha (D:13)
  7 centaur warriors
  The ghost of Kave the Grappler, a novice TrSh of Sif Muna (D:9)
  9 two-headed ogres
  An ogre mage (Orc:1)
  A tengu warrior (D:13)
  A boulder beetle (D:8)
  A fire crab (shapeshifter) (D:8)
  3 skeletal warriors
  Lodul (D:11)
  4 orc knights
  A deep elf pyromancer (D:13)
  2 orc sorcerers
  A salamander (shapeshifter) (D:9)
  5 ugly things
  4 cyclopes
  2 manticores
  Maurice (D:11)
  2 unseen horrors
  A yaktaur (D:14)
  A tengu conjurer (D:9)
  4 trolls
  4 meliai
  2 shadows
  Sigmund (D:2)
  A vampire (D:9)
  A wyvern (D:7)
  3 wraiths
  3 fire elementals (Orc:2)
  12 yaks
  20 vampire mosquitoes
  A steam dragon (D:6)
  4 acid dragons
  Edmund (D:5)
  3 water moccasins
  5 hell hounds (Orc:2)
  46 orc warriors
  8 black bears
  15 ogres
  2 wolves (D:6)
  27 centaurs
  A phantom (D:5)
  3 kobold brigands (D:9)
  7 bullfrogs
  3 gnoll sergeants
  3 scorpions
  6 wights
  5 killer bees
  7 howler monkeys
  4 jellies
  6 gnoll boudas
  11 hounds
  8 orc priests
  Jessica (D:2)
  4 iguanas
  2 sleepcaps (D:6)
  18 orc wizards
  Robin (D:3)
  9 adders
  31 gnolls
  3 shadow imps
  2 white imps (D:7)
  3 worms
  5 dart slugs
  81 orcs
  7 bats
  9 endoplasms
  2 giant cockroaches
  18 goblins
  15 hobgoblins
  8 jackals
  3 quokkas
  7 ball pythons
  4 frilled lizards
  18 kobolds
  5 rats
536 creatures vanquished.

Vanquished Creatures (collateral kills)
  A shadow (D:8)
  A wraith (D:8)
2 creatures vanquished.

Vanquished Creatures (others)
  3 orc warriors
  A centaur (Orc:2)
  An orc priest (Orc:1)
  A gnoll (D:6)
  3 orcs
9 creatures vanquished.

Grand Total: 547 creatures vanquished

Notes
Turn   | Place    | Note
-------+----------+-------------------------------------------
     0 | D:1      | Dorkslayer the Troll Shapeshifter began the quest for the
                  | Orb.
     0 | D:1      | Reached XP level 1. HP: 18/18 MP: 0/0
   112 | D:1      | Reached XP level 2. HP: 26/26 MP: 1/1
   549 | D:1      | Reached XP level 3. HP: 32/32 MP: 2/2
   560 | D:1      | Found an opulent altar of Gozag.
   572 | D:1      | Became a worshipper of Gozag Ym Sagoz the Greedy
  1469 | D:2      | Noticed Sigmund
  1476 | D:2      | Killed Sigmund
  1477 | D:2      | Reached skill level 1 in Fighting
  1477 | D:2      | Reached skill level 4 in Unarmed Combat
  1477 | D:2      | Reached XP level 4. HP: 41/41 MP: 3/3
  1477 | D:2      | Reached XP level 5. HP: 48/48 MP: 4/4
  1526 | D:2      | Noticed Jessica
  1532 | D:2      | Killed Jessica
  1664 | D:3      | Noticed Robin
  1698 | D:3      | Reached XP level 6. HP: 55/55 MP: 5/5
  1724 | D:3      | Killed Robin
  1926 | D:3      | Found an iron altar of Okawaru.
  2095 | D:3      | Identified the +3 dagger of Apaxacw {drain, Int-4 Dex+6}
  2134 | D:3      | Reached skill level 5 in Unarmed Combat
  2424 | D:3      | Identified the +5 quarterstaff "Soseune" {venom, SInv}
  2715 | D:4      | Found a staircase to the Ecumenical Temple.
  2748 | D:4      | Reached XP level 7. HP: 62/62 MP: 6/6
  2797 | D:4      | Found an ornate altar of the Wu Jian Council.
  2809 | D:4      | Found a transporter.
  2840 | D:4      | Found an ancient bone altar of Kikubaaqudgha.
  2840 | D:4      | Found a bloodstained altar of Trog.
  3025 | D:4      | Reached skill level 6 in Unarmed Combat
  3136 | D:4      | Found a transporter.
  3215 | D:5      | Entered Level 5 of the Dungeon
  3245 | D:5      | Noticed Edmund
  3257 | D:5      | Killed Edmund
  3343 | D:5      | Reached skill level 1 in Stealth
  3392 | D:5      | Reached XP level 8. HP: 72/72 MP: 7/7
  3600 | D:5      | Reached skill level 7 in Unarmed Combat
  3890 | D:5      | Reached skill level 5 in Dodging
  3995 | D:5      | Found a large runed translucent door.
  3995 | D:5      | Found a large runed translucent door.
  4022 | D:5      | Found a stormy altar of Qazlal.
  4036 | D:5      | Found a snail-covered altar of Cheibriados.
  4216 | D:6      | Found a shimmering altar of Xom.
  4216 | D:6      | Found a sparkling altar of Nemelex Xobeh.
  4408 | D:6      | Reached skill level 5 in Shapeshifting
  4545 | D:6      | Reached skill level 8 in Unarmed Combat
  4592 | D:6      | Reached XP level 9. HP: 70/80 MP: 8/8
  4843 | D:6      | Found a glowing golden altar of the Shining One.
  4844 | D:6      | Found a glowing silver altar of Zin.
  4844 | D:6      | Found a white marble altar of Elyvilon.
  4934 | D:6      | Found a basalt altar of Yredelemnul.
  5463 | D:7      | Reached skill level 1 in Evocations
  5486 | D:7      | Reached skill level 9 in Unarmed Combat
  6465 | D:7      | Found a shadowy altar of Dithmenos.
  6919 | D:4      | Reached XP level 10. HP: 71/92 MP: 9/9
  7114 | D:8      | Identified the ring of Sytinguq {Drain Fly Str+6 Dex+5
                  | SInv}
  7115 | D:8      | Noticed a harpy
  7117 | D:8      | Noticed a boulder beetle
  7125 | D:8      | HP: 4/92 [harpy (shapeshifter) (11)]
  7155 | D:8      | Reached skill level 10 in Unarmed Combat
  7197 | D:8      | Noticed a fire crab
  7198 | D:8      | Noticed a white ugly thing
  7212 | D:8      | Killed a fire crab
  7293 | D:8      | Killed a white ugly thing
  7387 | D:8      | Noticed a cyclops
  7392 | D:8      | Killed a cyclops
  7494 | D:8      | Gained mutation: Your muscles are strong. (Str +4, Int/Dex
                  | -1) [potion of mutation]
  7494 | D:8      | Gained mutation: You have a pair of small horns on your
                  | head. [potion of mutation]
  7494 | D:8      | Gained mutation: You have a somewhat thin skeletal
                  | structure. (Dex +2, Stealth+) [potion of mutation]
  7494 | D:8      | Gained mutation: You have a pair of horns on your head.
                  | [potion of mutation]
  7680 | D:8      | Killed a boulder beetle
  7917 | D:9      | Identified the of Unty
  7918 | D:9      | Found a runed translucent gate.
  7918 | D:9      | Found a runed translucent gate.
  7918 | D:9      | Found a runed translucent gate.
  8018 | D:9      | Noticed Kave's ghost (novice TrSh)
  8019 | D:9      | Identified the +3 buckler "Coynadd Cian" {rElec}
  8019 | D:9      | Identified the +0 chain mail of Johan {Dex+7}
  8079 | D:9      | Noticed a two-headed ogre
  8086 | D:9      | Killed a two-headed ogre
  8087 | D:9      | Reached skill level 11 in Unarmed Combat
  8087 | D:9      | Reached XP level 11. HP: 101/101 MP: 10/10
  8090 | D:9      | Reached skill level 5 in Fighting
  8243 | D:9      | Noticed a two-headed ogre
  8255 | D:9      | Killed a two-headed ogre
  8349 | D:9      | Noticed a centaur warrior
  8349 | D:9      | Noticed a centaur warrior
  8350 | D:9      | Noticed a centaur warrior
  8360 | D:9      | Killed a centaur warrior
  8361 | D:9      | Reached skill level 1 in Throwing
  8364 | D:9      | Identified the +0 robe "Deost" {Str+2}
  8364 | D:9      | Noticed a centaur warrior
  8365 | D:9      | Killed a centaur warrior
  8368 | D:9      | Killed a centaur warrior
  8379 | D:9      | Killed a centaur warrior
  8449 | D:9      | Found a flagged portal.
  8454 | Bailey   | Entered a bailey
  8968 | Bailey   | Reached skill level 12 in Unarmed Combat
  9833 | D:9      | Killed Kave's ghost
  9857 | D:9      | Reached XP level 12. HP: 66/113 MP: 11/11
  9939 | D:10     | Entered Level 10 of the Dungeon
 10020 | D:10     | Reached skill level 1 in Axes
 10447 | D:10     | Found Ydetwuuz's General Store.
 10458 | D:10     | Bought a potion of curing for 36 gold pieces
 10458 | D:10     | Bought a potion of enlightenment for 60 gold pieces
 10458 | D:10     | Bought a potion of might for 48 gold pieces
 10548 | D:11     | Noticed a two-headed ogre
 10549 | D:11     | Killed a two-headed ogre
 10617 | D:11     | Noticed a centaur warrior
 10639 | D:11     | Killed a centaur warrior
 10655 | D:11     | Reached skill level 5 in Evocations
 10785 | D:11     | Found a staircase to the Lair.
 10802 | D:11     | Noticed Maurice
 10820 | D:11     | Maurice stole a phantom mirror
 10821 | D:11     | Maurice stole 23 boomerangs
 10824 | D:11     | Maurice stole a +6 broad axe
 10825 | D:11     | Maurice stole a ring of willpower
 10834 | D:11     | Killed Maurice
 11133 | D:11     | Noticed Lodul
 11151 | D:11     | Reached skill level 13 in Unarmed Combat
 11153 | D:11     | Killed Lodul
 11769 | D:12     | Found Vugubig's Distillery.
 11780 | D:12     | Bought a potion of haste for 150 gold pieces
 11780 | D:12     | Bought a potion of curing for 45 gold pieces
 11780 | D:12     | Bought a potion of curing for 45 gold pieces
 11780 | D:12     | Bought a potion of invisibility for 120 gold pieces
 11780 | D:12     | Bought a potion of magic for 120 gold pieces
 12020 | D:12     | Found a staircase to the Orcish Mines.
 12152 | D:12     | Reached XP level 13. HP: 121/123 MP: 12/12
 12340 | Orc:1    | Entered Level 1 of the Orcish Mines
 12871 | Orc:1    | Found a radiant altar of Vehumet.
 12908 | Orc:1    | Noticed Snorg
 12918 | Orc:1    | Killed Snorg
 13110 | Orc:2    | Entered Level 2 of the Orcish Mines
 13140 | Orc:2    | Found a staircase to the Elven Halls.
 13589 | Orc:2    | Noticed Azrael
 13612 | Orc:2    | Noticed Jorgrun
 13618 | Orc:2    | Killed Azrael
 13620 | Orc:2    | Killed Jorgrun
 13719 | Orc:2    | Reached skill level 14 in Unarmed Combat
 13767 | Orc:2    | Found Coun's General Store.
 13767 | Orc:2    | Found Quisov's Antique Weapon Emporium.
 13772 | Orc:2    | Found Ruraygin's General Store.
 13775 | Orc:2    | Found Ihuceheamu's Jewellery Shop.
 14004 | Orc:2    | Bought a potion of cancellation for 112 gold pieces
 14004 | Orc:2    | Bought a scroll of revelation for 105 gold pieces
 14011 | Orc:2    | Bought a scroll of blinking for 112 gold pieces
 14011 | Orc:2    | Bought a scroll of enchant weapon for 112 gold pieces
 14113 | Orc:2    | Bought a clouded lapis lazuli ring for 155 gold pieces
 14113 | Orc:2    | Identified the ring of Lemn {Fly Str+3} (You bought it in a
                  | shop on level 2 of the Orcish Mines)
 14113 | Orc:2    | Bought a scroll of blinking for 232 gold pieces
 14113 | Orc:2    | Bought a wooden wand for 124 gold pieces
 14117 | Orc:2    | Bought a smoking kite shield for 380 gold pieces
 14117 | Orc:2    | Identified the +1 kite shield of the Baku {rPois rC- Int+6}
                  | (You bought it in a shop on level 2 of the Orcish Mines)
 14788 | D:13     | Reached XP level 14. HP: 74/133 MP: 13/13
 15063 | D:13     | Noticed Erolcha
 15074 | D:13     | Killed Erolcha
 15397 | D:14     | Noticed Agnes
 15405 | D:14     | Annihilated by Agnes

Illustrated notes

Levels and vault maps discovered:
D:1:      nzn_arrival_water_spiral, layout_basic, minmay_hexomino_r4
D:2:      layout_loops_cross, minmay_misc_feat_plants, uniq_jessica,
          uniq_sigmund
D:3:      layout_basic, old_standard_altar, minmay_circle_x, uniq_robin
D:4:      layout_basic, gammafunk_temple_overflow_arena,
          chequers_temple_overflow_statue_of_worship, lemuel_temple_firewalk_b
D:5:      layout_basic, jmf_multi_god_temple2, uniq_edmund
D:6:      layout_cave_pools, good_gods_temple_1, general_overflow_altar,
          gammafunk_temple_overflow_wave, serial_gnoll_camp,
          gnoll_camp_mini_loothouse, gnoll_camp_huts_moat,
          gnoll_camp_mini_doghouse, gnoll_camp_mini_hut
D:7:      layout_layer_cave, mainiacjoe_overflow_alcove_2,
          chequers_serial_rivers_micro_b, minmay_joined_circles
D:8:      layout_rooms, minmay_evil_grid
D:9:      minmay_the_grid_triangle_9x9_rhombus_full
          [minmay_the_grid_triangle_9x9_sparse_checkered,
          minmay_the_grid_triangle_9x9_windchime,
          minmay_the_grid_triangle_9x9_sprig,
          minmay_the_grid_triangle_9x9_descending_squares,
          minmay_the_grid_triangle_9x9_empty,
          minmay_the_grid_triangle_9x9_pentomino_pain,
          minmay_the_grid_triangle_9x9_minimal,
          minmay_the_grid_triangle_9x9_prize_center], layout_loops_ring,
          biasface_ghost_orc_armoury, enter_bailey_3
D:10:     layout_roguey, serial_shops, nicolae_shop_just_a_little_nook
D:11:     layout_stronghold, due_lair_maze_entry_diamond, grunt_ministairs_13,
          uniq_maurice, uniq_lodul
D:12:     layout_small_grid, orc_0_dummy, serial_shops,
          nicolae_shop_temple_entry_statues_fountains
D:13:     layout_gridville, uniq_erolcha
D:14:     layout_irregular_city, lightli_vaults_fourway_checkpoint,
          chequers_serial_rivers_micro_d, uniq_josephine, uniq_agnes
Orc:1:    layout_caves, basic_altar, uniq_snorg
Orc:2:    st_orc_rangers, layout_caves, statue_in_the_mist_lemuel, uniq_jorgrun,
          uniq_azrael

Skill      XL: |  1  2  3  4  5  6  7  8  9 10 11 12 13 |
---------------+----------------------------------------+-----
Dodging        | 2 3 4 5 6 7 8 |  8.1
Fighting       | 1 2 3 4 5 6 7 |  7.5
Unarmed Combat | 4 5 6 8 9 11 12 13 14 | 14.4
Shapeshifting  | 4 5 6 7 8 9 |  9.5
Stealth        | 1 2 3 4 |  4.2
Evocations     | 1 3 4 5 6 |  6.4
Throwing       | 1 2 |  2.6
Axes           | 3 4 |  4.8

Action                     |  1- 3 |  4- 6 |  7- 9 | 10-12 | 13-15 || total
---------------------------+-------+-------+-------+-------+-------++-------
  Melee: Unarmed           |    77 |   121 |   304 |   474 |   237 ||  1213
         Punch             |       |     4 |    15 |    31 |    15 ||    65
         Headbutt          |       |       |       |    77 |    46 ||   123
  Throw: Boomerang         |       |       |     1 |    49 |     8 ||    58
         Throwing net      |       |       |       |     5 |       ||     5
 Invoke: Call Merchant     |       |       |       |       |     4 ||     4
  Evoke: Wand              |       |       |       |    11 |     6 ||    17
    Use: Scroll            |       |       |    16 |    16 |     1 ||    33
         Potion            |       |       |     4 |     6 |     5 ||    15
   Stab: Sleeping          |       |       |     1 |    10 |     4 ||    15
         Distracted        |       |       |     2 |     4 |     4 ||    10
         Held in net/web   |       |       |       |     2 |       ||     2
         Invisible         |       |       |       |     2 |     7 ||     9
 Armour: Animal skin       |    41 |    88 |   216 |       |       ||   345
         Robe              |       |       |    25 |   301 |   174 ||   500
  Dodge: Dodged            |    33 |    64 |   201 |   488 |   232 ||  1018

Table legend: (Time is in decaauts)
 A = Elapsed time spent in this place.
 B = Non-inter-level travel time spent in this place.
 C = Inter-level travel time spent in this place.
 D = Time resting spent in this place.
 E = Time spent auto-exploring this place.
 F = Levels seen in this place.
 G = Mean time per level.
                   A        B        C        D        E       F      G
               +--------+--------+--------+--------+--------+-----+--------+
         Total |  15186 |  15186 |      0 |    693 |   6862 |  17 |  893.3 |
       Dungeon |  13034 |  13034 |      0 |    616 |   6570 |  14 |  931.0 |
  Orcish Mines |   1420 |   1420 |      0 |     22 |    171 |   2 |  710.0 |
        Bailey |    732 |    732 |      0 |     55 |    121 |   1 |  732.0 |
               +--------+--------+--------+--------+--------+-----+--------+

Top non-repeatable levels by time:
     D:7: 1425 daAuts
     D:9: 1256 daAuts
     D:6: 1218 daAuts
    D:12: 1151 daAuts
    D:11: 1149 daAuts
     D:5: 1021 daAuts
    D:13: 1012 daAuts
     D:1: 938 daAuts
     D:3: 931 daAuts
     D:8: 854 daAuts
   Orc:2: 828 daAuts
     D:4: 786 daAuts
  Bailey: 732 daAuts
     D:2: 668 daAuts
    D:10: 595 daAuts
